Map: Echo LE (Void)

Players

Musumeci

  • Race: Zerg Zerg
  • League: Diamond
  • Spawn Location: 11:00

PapaOupa - Winner!

  • Race: Zerg Zerg
  • League: Diamond
  • Spawn Location: 5:00

VOD

Have the link to the VOD?

Description

Time

  • Played on: Jan. 8, 2017, 7:58 a.m.
  • Length: 9:56
Show
View Real Time Build Order
Export as new Build Order

Musumeci Zerg 

Build Orders: Pool First 

Get SALT Encoding   

  12  0:01  Drone  
  13  0:08  Drone  
  14  0:16  Overlord  
  14  0:22  Extractor  
  14  0:23  Drone  
  15  0:37  Drone x2  
  17  1:03  Spawning Pool  
  16  1:13  Hatchery  
  15  1:18  Evolution Chamber  
  15  1:19  Drone  
  15  1:28  Extractor  
  14  1:52  Drone x3  
  17  2:03  Queen  
  17  2:04  Overlord  
  19  2:14  Zergling x2  
  20  2:24  Queen  
  20  2:25  Drone x2  
  24  2:31  Metabolic Boost  
  24  2:37  Zergling x4  
  26  2:45  Drone  
  26  2:46  Drone  
  28  2:56  Drone  
  26  3:42  Zergling x6  
  26  3:48  Zergling x4  
  31  3:49  Drone x5  
  36  4:03  Hatchery, Lair  
  36  4:05  Drone  
  36  4:06  Roach Warren  
  35  4:22  Baneling Nest  
  34  4:27  Drone  
  34  4:28  Drone  
  34  4:29  Overlord x2  
  35  4:37  Extractor  
  34  4:38  Evolution Chamber  
  33  4:46  Drone x2  
  33  4:47  Overlord x4  
  35  4:53  Zergling x4  
  35  4:54  Zergling x4  
  35  4:59  Evolution Chamber  
  38  5:03  Evolution Chamber  
  38  5:04  Evolution Chamber  
  38  5:05  Baneling  
  38  5:06  Baneling  
  36  5:10  Zergling x2  
  38  5:18  Drone x6  
  38  5:20  Roach x2  
  47  5:24  Zerg Missile Weapons Level 1  
  47  5:30  Evolution Chamber  
  47  5:35  Roach x2  
  51  5:36  Overseer  
  52  5:54  Glial Reconstitution  
  52  5:56  Roach  
  54  6:01  Extractor  
  52  6:07  Hatchery  
  52  6:08  Roach x3  
  57  6:24  Roach  
  57  6:25  Roach x2  
  63  6:32  Hatchery  
  59  6:46  Baneling x2  
  59  6:58  Roach  
  59  6:59  Roach x2  
  62  7:18  Drone x5  
  62  7:19  Overlord  
  62  7:20  Overlord x3  
  63  7:34  Drone x5  
  68  7:42  Ravager x2  
  68  7:43  Ravager  
  71  7:46  Drone x2  
  71  7:47  Drone, Extractor  
  71  7:48  Drone x2  
  71  7:49  Drone x2  
  71  7:50  Queen, Drone x2  
  81  7:58  Drone x2  
  83  8:06  Ravager  
  84  8:26  Roach x6  
  96  8:28  Roach x5  
  106  8:39  Drone, Extractor  
  106  8:41  Extractor, Overlord x5  
  99  9:08  Roach  
  99  9:09  Roach x9  
  113  9:24  Roach  
  113  9:25  Roach x7  
  108  9:34  Roach x4  
Show
View Real Time Build Order
Export as new Build Order

PapaOupa Zerg - Winner!

Build Orders: Hatch First 

Get SALT Encoding   

  12  0:10  Overlord  
  12  0:22  Drone x2  
  14  0:34  Drone  
  14  0:35  Drone  
  16  0:56  Hatchery  
  15  0:57  Drone  
  15  1:00  Drone  
  17  1:15  Drone  
  17  1:17  Extractor  
  17  1:22  Spawning Pool  
  16  1:28  Extractor  
  15  1:36  Drone  
  15  1:37  Drone  
  15  1:38  Drone  
  18  2:10  Queen  
  18  2:11  Queen  
  18  2:12  Drone  
  18  2:13  Drone x3  
  26  2:29  Zergling x4  
  28  2:44  Overlord  
  28  2:50  Overlord  
  28  3:00  Metabolic Boost  
  28  3:04  Drone x5  
  33  3:07  Zergling x2  
  33  3:08  Spine Crawler  
  33  3:14  Queen  
  35  3:26  Baneling Nest  
  33  3:41  Zergling x2  
  33  3:42  Drone x2  
  36  3:54  Overlord x2  
  35  4:28  Baneling x2  
  35  4:29  Zergling x18  
  44  4:39  Lair  
  44  4:40  Drone, Evolution Chamber  
  44  5:07  Baneling  
  44  5:08  Baneling  
  44  5:17  Drone x8  
  44  5:18  Overlord  
  44  5:19  Overlord  
  51  5:34  Zerg Missile Weapons Level 1  
  51  5:37  Roach Warren  
  50  5:43  Drone x7  
  50  5:45  Extractor  
  56  5:58  Hatchery  
  54  6:16  Baneling x3  
  53  6:22  Roach x3  
  53  6:23  Roach x4  
  66  6:34  Overlord x3  
  65  6:41  Roach  
  66  6:52  Roach  
  66  6:53  Roach x2  
  70  6:57  Roach  
  70  6:58  Roach  
  74  7:06  Glial Reconstitution  
  70  7:17  Roach  
  70  7:18  Roach  
  74  7:26  Roach  
  76  7:32  Extractor  
  75  7:41  Roach x4  
  84  7:44  Drone x5  
  84  7:46  Drone x3  
  84  7:47  Queen  
  93  8:05  Drone x4  
  93  8:06  Drone  
  93  8:07  Extractor x2  
  93  8:12  Overlord x5  
  96  8:23  Overlord  
  96  8:24  Overlord x2  
  96  8:33  Roach x8  
  96  8:34  Roach  
  114  8:43  Roach x3  
  114  8:44  Roach x2  
  114  8:46  Ravager  
  114  8:47  Ravager x2  
  126  9:05  Roach x7  
  138  9:26  Roach x5  
  138  9:27  Roach x4  
  138  9:29  Roach x2  
  138  9:30  Roach x2  
  150  9:31  Roach x2  
  150  9:32  Roach  
  150  9:35  Roach  
Tags
 
Add a new tag
Caveats
  • Supply blocks, unpowered buildings, or Contaminate may cause inaccurate times.
  • Supply counts are checked every 10 seconds.